[Event "Titled Tuesday Blitz April 4 Late 2023"]
[White "Yanayt, Eugene"]
[Black "olga-belka"]
[WhiteFideId "2020165"]
[WhiteElo "2083"]
[BlackElo "2290"]
[Result "1-0"]
[Round "07"]
[TimeControl "180+2"]
[Date "2023.04.04"]
[WhiteClock "0:01:05"]
[BlackClock "0:00:02"]

1. e4 c5 2. Nc3 d6 3. f4 g6 4. Bb5+ Bd7 5. Bxd7+ Qxd7 6. Nf3 Nc6 7. O-O Bg7 8. d3 Rb8 9. f5 Nf6 10. Qe1 Nd4 11. Nxd4 cxd4 12. Ne2 Ng4 13. Nf4 Rc8 14. h3 Nh6 15. Nd5 Rxc2 16. f6 Bf8 17. fxe7 Bg7 18. Bxh6 Be5 19. Bg5 Qc8 20. Rc1 h6 21. Qf2 Rxc1 22. Qxf7+ Kd7 23. e8=B# 1-0


[Site "https://www.chess.com"]

[Event "Titled Tuesday Blitz April 4 Late 2023"]
[White "Liu, Casper"]
[Black "lluiss"]
[WhiteFideId "1454153"]
[WhiteElo "2221"]
[BlackElo "2265"]
[Result "1-0"]
[Round "07"]
[TimeControl "180+2"]
[Date "2023.04.04"]
[WhiteClock "0:01:01"]
[BlackClock "0:00:42"]

1. d4 Nf6 2. c4 g6 3. Nc3 d5 4. cxd5 Nxd5 5. e4 Nxc3 6. bxc3 Bg7 7. Kd2 c5 8. d5 e6 9. Kc2 exd5 10. Bb5+ Bd7 11. Bxd7+ Qxd7 12. Qxd5 Qxd5 13. exd5 O-O 14. Nf3 Nd7 15. Bf4 Nb6 16. Rad1 Rfd8 17. d6 Na4 18. d7 Nxc3 19. Rd3 Nb5 20. Rd5 Nd4+ 21. Nxd4 Bxd4 22. Bc7 Kf8 23. Re1 Bxf2 24. Re2 Bd4 25. Bd6+ Kg8 26. Be7 Kg7 27. Rd6 b6 28. Bxd8 Rxd8 29. Re8 1-0


[Site "https://www.chess.com"]

[Event "Titled Tuesday Blitz April 4 Late 2023"]
[White "ArchibaldCerveza29"]
[Black "Svicevic, Rastko"]
[BlackFideId "916315"]
[WhiteElo "2418"]
[BlackElo "2071"]
[Result "1-0"]
[Round "07"]
[TimeControl "180+2"]
[Date "2023.04.04"]
[WhiteClock "0:01:58"]
[BlackClock "0:00:01"]

1. e4 c6 2. d4 d5 3. exd5 cxd5 4. c4 Nf6 5. Nc3 Nc6 6. Nf3 Be6 7. c5 g6 8. Bb5 Bg7 9. Ne5 Rc8 10. Bf4 O-O 11. Nxc6 bxc6 12. Ba6 Rb8 13. Bxb8 Qxb8 14. Qb3 Ng4 15. h3 Nh6 16. Qxb8 Rxb8 17. O-O-O Nf5 18. Ne2 h5 19. g4 Nh4 20. Nf4 Bd7 21. gxh5 g5 22. Ne2 Nf3 23. a3 Kh7 24. b4 Kh6 25. Rd3 Nh4 26. Ng3 1-0


[Site "https://www.chess.com"]

[Event "Titled Tuesday Blitz April 4 Late 2023"]
[White "Goncalves, Davi Sulzbacher"]
[Black "Osmonbekov, Talaibek"]
[WhiteFideId "2154510"]
[BlackFideId "2017253"]
[WhiteElo "2182"]
[BlackElo "2135"]
[Result "0-1"]
[Round "07"]
[TimeControl "180+2"]
[Date "2023.04.04"]
[WhiteClock "0:00:01"]
[BlackClock "0:00:18"]

1. Nf3 f5 2. e4 fxe4 3. Ng5 Nf6 4. d3 e5 5. dxe4 h6 6. Nf3 Nc6 7. Bc4 Bb4+ 8. c3 Bc5 9. O-O d6 10. b4 Bb6 11. Nh4 g5 12. Ng6 Rh7 13. h4 Rg7 14. Qb3 Qd7 15. hxg5 hxg5 16. Nh8 Nxe4 17. Nd2 Ng3 18. Nf3 Rh7 19. Bf7+ Kf8 20. Ng6+ Kg7 21. Nfh4 Ne2+ 0-1


[Site "https://www.chess.com"]

[Event "Titled Tuesday Blitz April 4 Late 2023"]
[White "Kornyukov, Alexey"]
[Black "Celestino, Rafael Teixeira"]
[WhiteFideId "4150457"]
[BlackFideId "2108925"]
[WhiteElo "2352"]
[BlackElo "2381"]
[Result "0-1"]
[Round "07"]
[TimeControl "180+2"]
[Date "2023.04.04"]
[WhiteClock "0:00:05"]
[BlackClock "0:01:36"]

1. d4 Nf6 2. c4 e6 3. Nc3 d5 4. cxd5 exd5 5. Bg5 Nbd7 6. e3 h6 7. Bf4 Bb4 8. Bd3 O-O 9. Nf3 Re8 10. O-O c6 11. Qc2 Bxc3 12. bxc3 Ne4 13. Bxe4 Rxe4 14. Nd2 Re8 15. Rae1 Nf6 16. Be5 Ne4 17. Nb3 Bf5 18. Qc1 Qg5 19. f3 Nf6 20. Nd2 Nd7 21. Bf4 Qg6 22. Kh1 Re7 23. c4 Be6 24. cxd5 Bxd5 25. e4 Bxa2 26. Qb2 Be6 27. Qxb7 Rb8 28. Qxa7 Rb2 29. Rb1 Rxb1 30. Rxb1 Qf6 0-1


[Site "https://www.chess.com"]

[Event "Titled Tuesday Blitz April 4 Late 2023"]
[White "Senft, Sean"]
[Black "Baruch, Liam"]
[WhiteFideId "2044960"]
[BlackFideId "14322064"]
[WhiteElo "1989"]
[BlackElo "2168"]
[Result "0-1"]
[Round "07"]
[TimeControl "180+2"]
[Date "2023.04.04"]
[WhiteClock "0:02:34"]
[BlackClock "0:01:22"]

1. d4 d5 2. c4 e6 3. Nc3 Nf6 4. cxd5 exd5 5. Nf3 Be7 6. Bg5 c6 7. e3 O-O 8. Bd3 Nbd7 9. O-O Re8 10. Ne5 Nxe5 11. dxe5 Nd7 12. Bf4 h6 13. Bg3 Bc5 14. Kh1 Nxe5 15. Bc2 Bg4 16. f3 Bh5 17. Ne2 Bxe3 18. Bxe5 Rxe5 19. Qd3 Bg6 20. Qc3 d4 21. Qb3 Rb5 22. Qa4 d3 23. Rfd1 Rd5 24. Bb3 dxe2 25. Re1 Rd4 26. Qa5 Qxa5 0-1


[Site "https://www.chess.com"]

[Event "Titled Tuesday Blitz April 4 Late 2023"]
[White "Manu_ChessExcelsior"]
[Black "Skaric, Djuro"]
[BlackFideId "934569"]
[WhiteElo "2150"]
[BlackElo "2282"]
[Result "0-1"]
[Round "07"]
[TimeControl "180+2"]
[Date "2023.04.04"]
[WhiteClock "0:00:02"]
[BlackClock "0:00:05"]

1. e4 d6 2. g3 g6 3. Bg2 Bg7 4. d3 Nf6 5. f4 O-O 6. Nf3 Nc6 7. O-O e5 8. f5 gxf5 9. Nh4 f4 10. gxf4 Bg4 11. Qe1 Nh5 12. f5 Nd4 13. Na3 Bf6 14. Nf3 Nxf3+ 15. Bxf3 Bh4 16. Qe2 Bxf3 17. Rxf3 Kh8 18. Kh1 Rg8 19. Be3 a6 20. Raf1 Qf6 21. c3 Rg4 22. Nc2 Rag8 23. Ne1 Bxe1 24. Rxe1 Qh4 25. Bf2 Qg5 26. Qf1 Rg2 27. Be3 Nf4 28. Rf2 Qg4 29. Rxg2 Nxg2 30. Re2 Nxe3 31. Rxe3 Qh4 32. Re2 h5 33. Rg2 Rg4 34. Rxg4 Qxg4 35. Qg2 Qd1+ 36. Qg1 Qxd3 37. Qg2 Qd1+ 38. Qg1 Qd3 39. Qg2 Qb1+ 40. Qg1 Qxe4+ 41. Qg2 Qxg2+ 42. Kxg2 Kg7 43. Kf3 Kf6 44. Ke4 c6 45. c4 Kg5 46. b4 Kg4 47. a4 c5 48. bxc5 dxc5 49. Kxe5 Kg5 50. h3 f6+ 51. Ke6 b6 52. h4+ Kxh4 53. Kxf6 Kg3 54. Ke5 h4 55. f6 h3 56. f7 h2 57. f8=Q h1=Q 58. Qg7+ Kf2 59. Qf6+ Ke2 60. Qf4 Kd3 0-1


[Site "https://www.chess.com"]

[Event "Titled Tuesday Blitz April 4 Late 2023"]
[White "Oliveira, Tiago Batista"]
[Black "Qiao, Cindy"]
[WhiteFideId "2108291"]
[BlackFideId "2620243"]
[WhiteElo "1962"]
[BlackElo "1777"]
[Result "0-1"]
[Round "07"]
[TimeControl "180+2"]
[Date "2023.04.04"]
[WhiteClock "0:00:02"]
[BlackClock "0:01:28"]

1. d4 d5 2. c4 e6 3. Nf3 Nf6 4. g3 Be7 5. Bg2 O-O 6. O-O dxc4 7. Nbd2 a6 8. Qc2 b5 9. e4 Bb7 10. e5 Nd5 11. Ne4 h6 12. Rd1 Nb4 13. Qe2 Nd3 14. b3 Nd7 15. bxc4 bxc4 16. Rb1 Nb6 17. g4 Nxc1 18. Rdxc1 Bd5 19. g5 hxg5 20. Qe3 g4 21. Nfd2 c3 22. Rxc3 Bxa2 23. Rxb6 cxb6 24. Nd6 Bxd6 25. Bxa8 Qxa8 26. exd6 Bd5 27. Rc7 Bh1 28. f3 Bxf3 29. Nxf3 gxf3 30. d7 Qd5 31. Qc3 Qg5+ 32. Kf2 Qg2+ 33. Ke3 Qe2+ 34. Kf4 f2 35. Rc8 f1=Q+ 0-1


[Site "https://www.chess.com"]

[Event "Titled Tuesday Blitz April 4 Late 2023"]
[White "Porat, Tori"]
[Black "Buchenau, Frank"]
[WhiteFideId "30982626"]
[BlackFideId "4604350"]
[WhiteElo "1752"]
[BlackElo "2157"]
[Result "0-1"]
[Round "07"]
[TimeControl "180+2"]
[Date "2023.04.04"]
[WhiteClock "0:00:47"]
[BlackClock "0:01:08"]

1. d4 g6 2. c4 Bg7 3. Nc3 Nf6 4. Nf3 d6 5. e4 O-O 6. Be3 Nbd7 7. Be2 e5 8. d5 Nc5 9. Bxc5 dxc5 10. Nxe5 Nxe4 11. Nxe4 Bxe5 12. Rb1 Bf5 13. Bd3 Bxe4 14. Bxe4 Re8 15. Qc2 Qh4 16. h3 Bd4 17. O-O Qxe4 18. Qd2 Qe2 19. Qf4 Re7 20. b4 b6 21. bxc5 Bxc5 22. a4 Rae8 23. a5 Bd6 24. Qd4 Re4 25. Qf6 Qxc4 26. axb6 axb6 27. Rbd1 b5 28. Qf3 b4 29. g3 b3 30. Rd3 b2 31. Rb3 Re1 32. Rxe1 Rxe1+ 33. Kg2 Qf1+ 0-1


[Site "https://www.chess.com"]

[Event "Titled Tuesday Blitz April 4 Late 2023"]
[White "Rodriguez Santiago, Jaime"]
[Black "Burke, Paul"]
[WhiteFideId "3100898"]
[BlackFideId "2605767"]
[WhiteElo "2025"]
[BlackElo "1867"]
[Result "1-0"]
[Round "07"]
[TimeControl "180+2"]
[Date "2023.04.04"]
[WhiteClock "0:01:01"]
[BlackClock "0:00:01"]

1. c4 a6 2. Nc3 d6 3. g3 g6 4. Bg2 Nd7 5. e4 Bg7 6. Nge2 h6 7. O-O e5 8. d3 Ne7 9. f4 f5 10. Be3 O-O 11. Qd2 Kh7 12. Rad1 Qe8 13. b3 c6 14. h3 exf4 15. Nxf4 Nf6 16. exf5 Nxf5 17. Bf2 Qf7 18. d4 Bd7 19. d5 c5 20. Rde1 Rae8 21. Kh2 Nd4 22. Ne4 Nxe4 23. Rxe4 Rxe4 24. Bxe4 Bf5 25. Bg2 Re8 26. Be3 Qd7 27. g4 Be4 28. Bxe4 Rxe4 29. Qd3 Qe7 30. Bxd4 Bxd4 31. Ne6 1-0


[Site "https://www.chess.com"]

[Event "Titled Tuesday Blitz April 4 Late 2023"]
[White "Ai, Evan"]
[Black "Leschinsky, Gary"]
[WhiteFideId "2094770"]
[BlackFideId "30951321"]
[WhiteElo "1963"]
[BlackElo "1855"]
[Result "1-0"]
[Round "07"]
[TimeControl "180+2"]
[Date "2023.04.04"]
[WhiteClock "0:00:14"]
[BlackClock "0:01:07"]

1. e4 c6 2. d4 d5 3. Nc3 g6 4. Nf3 Bg7 5. exd5 cxd5 6. g3 Nc6 7. Be3 Bg4 8. Bg2 Nf6 9. h3 Bf5 10. Ne5 O-O 11. O-O Rc8 12. g4 Be6 13. Na4 Nxe5 14. dxe5 Ne4 15. Bxe4 dxe4 16. Qxd8 Rfxd8 17. Bxa7 Bxe5 18. Rad1 Rxd1 19. Rxd1 Ra8 20. Bd4 Bd6 21. Nb6 Rxa2 22. c4 Bc7 23. Nd5 Bxd5 24. cxd5 f5 25. Rc1 Bd6 26. Rc8+ Kf7 27. Rh8 Ra4 28. Rxh7+ Kg8 29. Rh8+ Kf7 30. Bc3 Ra1+ 31. Kg2 Rd1 32. gxf5 gxf5 33. Rh7+ Ke8 34. h4 Rxd5 35. h5 Be5 36. Bxe5 Rxe5 37. Rg7 Re6 38. Kg3 Rh6 39. Rg5 e6 40. Kf4 Kf7 41. Ke5 Rh8 42. Rg6 Rxh5 43. Rf6+ Ke7 44. Rxe6+ Kd7 45. Rf6 f4+ 46. Kxe4 Rb5 47. Kxf4 Rxb2 48. Kg5 Ke7 49. f4 Rg2+ 50. Kf5 Rh2 51. Rg6 b5 52. Rb6 Kf7 53. Rb7+ Ke8 54. Ke5 Kf8 55. Rxb5 Rh5+ 56. f5 Rh1 57. Rb8+ Kf7 58. Rb7+ Kf8 59. Ke6 Rh2 60. Rb8+ Kg7 61. f6+ Kh7 62. Kf7 Rf2 63. Rb1 Rh2 64. Rg1 Rh3 65. Re1 Rh4 66. Ke7 1-0


[Site "https://www.chess.com"]

[Event "Titled Tuesday Blitz April 4 Late 2023"]
[White "Vifleemskaia, Svetlana"]
[Black "Kalajzic, Ivan"]
[WhiteFideId "4129490"]
[BlackFideId "14506378"]
[WhiteElo "1930"]
[BlackElo "2203"]
[Result "1-0"]
[Round "07"]
[TimeControl "180+2"]
[Date "2023.04.04"]
[WhiteClock "0:00:10"]
[BlackClock "0:00:11"]

1. d4 Nc6 2. Nf3 d6 3. e4 Bg4 4. Be2 e5 5. d5 Nce7 6. h3 Bd7 7. c4 Nf6 8. Nc3 g6 9. Bg5 Bg7 10. Qd2 O-O 11. Bh6 a6 12. Bxg7 Kxg7 13. O-O b5 14. b3 b4 15. Nd1 Nxe4 16. Qxb4 a5 17. Qe1 a4 18. Nc3 Nf6 19. Qd2 h6 20. Bd3 Nh7 21. b4 f5 22. Bc2 a3 23. c5 Ng8 24. c6 Bc8 25. b5 Qf6 26. Rab1 g5 27. Nh2 g4 28. hxg4 fxg4 29. Ne4 Qh4 30. Qd3 Bf5 31. Qe2 Bxe4 32. Qxe4 Ngf6 33. Qg6+ Kh8 34. b6 Rg8 35. Qf5 cxb6 36. Rxb6 g3 37. Nf3 Qf4 38. Qxf4 exf4 39. c7 Nxd5 40. Rxd6 Nxc7 41. Rd7 Rg7 42. Rfd1 Rxd7 43. Rxd7 Ne6 44. Rxh7+ Kg8 45. Rxh6 Nc5 46. fxg3 fxg3 47. Rg6+ Kf7 48. Rxg3 Rb8 49. Kh2 Rb2 50. Bg6+ Kf6 51. Nd4 Rxa2 52. Nb5 Ra1 53. Nxa3 Nd7 54. Nc4 Nf8 55. Bd3 Ne6 56. Rf3+ Kg5 57. Kg3 Nd4 58. Re3 Rd1 59. Ne5 Nf5+ 60. Bxf5 Kxf5 61. Nf3 Ra1 62. Re5+ Kg6 63. Kg4 Ra4+ 64. Kg3 Ra2 65. Rg5+ Kh6 66. Rc5 Kg6 67. Rc4 Kf5 68. Nd4+ Ke4 69. Nf3+ Kd5 70. Rf4 Ke6 71. Rf8 Ra1 72. Kg4 Ke7 73. Rf4 Ra5 74. g3 Ra1 75. Re4+ Kf7 76. Rf4+ Kg7 77. Ne5 Ra8 78. Rf7+ Kh8 79. Kf5 Rg8 80. g4 Rb8 81. g5 Rb2 82. g6 Rf2+ 83. Kg5 Rg2+ 84. Kf6 Rf2+ 85. Ke7 Kg8 86. Rxf2 Kg7 87. Rf7+ Kh6 88. Rh7+ Kg5 89. g7 Kf5 90. g8=Q Ke4 91. Rf7 Kd5 92. Qg6 Kc5 93. Qd6+ Kb5 94. Nf3 Ka5 95. Rf5+ Ka4 96. Qd4+ Ka3 97. Nh4 Kb3 98. Rf3+ Kc2 99. Qf2+ Kd1 100. Rg3 Kc1 101. Rg1# 1-0


[Site "https://www.chess.com"]

[Event "Titled Tuesday Blitz April 4 Late 2023"]
[White "Jiganchine, Roman"]
[Black "Kujawski, Adam"]
[WhiteFideId "2603667"]
[BlackFideId "1100920"]
[WhiteElo "2292"]
[BlackElo "2054"]
[Result "0-1"]
[Round "07"]
[TimeControl "180+2"]
[Date "2023.04.04"]
[WhiteClock "0:00:05"]
[BlackClock "0:00:06"]

1. e4 e5 2. Nf3 Nc6 3. Nc3 Nf6 4. Bb5 Bb4 5. O-O O-O 6. Bxc6 dxc6 7. d3 Bxc3 8. bxc3 Bg4 9. h3 Bxf3 10. Qxf3 h6 11. a4 c5 12. a5 b6 13. Be3 Qd6 14. Qf5 g6 15. Qf3 Kh7 16. Qe2 Nh5 17. g3 f5 18. exf5 Rxf5 19. g4 Nf4 20. Qf3 Rff8 21. Bxf4 exf4 22. Rfe1 Rae8 23. a6 Re5 24. Re4 Rxe4 25. Qxe4 f3 26. Re1 Rf7 27. Qe6 Qf4 28. Re3 h5 29. gxh5 gxh5 30. Qe4+ Qxe4 31. Rxe4 Kg6 32. Re6+ Rf6 33. Re7 b5 34. Kh2 Rxa6 35. Kg3 Rc6 36. Kxf3 a5 37. h4 a4 38. Re5 a3 39. Rg5+ Kh6 40. Rg1 b4 41. cxb4 cxb4 42. Rb1 a2 43. Ra1 Rxc2 44. Ke3 b3 45. d4 b2 46. Kd3 bxa1=Q 47. Kxc2 Qxd4 0-1


[Site "https://www.chess.com"]

[Event "Titled Tuesday Blitz April 4 Late 2023"]
[White "Bacallao Alonso, Yusnel"]
[Black "Zampronha, Wladimir Camilo"]
[WhiteFideId "3507416"]
[BlackFideId "2103087"]
[WhiteElo "2561"]
[BlackElo "2176"]
[Result "1-0"]
[Round "07"]
[TimeControl "180+2"]
[Date "2023.04.04"]
[WhiteClock "0:00:49"]
[BlackClock "0:00:10"]

1. d4 Nf6 2. c4 e6 3. Nf3 d5 4. Nc3 Bb4 5. Qa4+ Nc6 6. a3 Bxc3+ 7. bxc3 O-O 8. Bg5 Bd7 9. Qc2 h6 10. Bh4 dxc4 11. e4 g5 12. Nxg5 hxg5 13. Bxg5 e5 14. f4 exd4 15. Bxc4 Qe7 16. O-O Qxe4 17. Bd3 Qe3+ 18. Kh1 Qe6 19. Rae1 Qd6 20. c4 Rfe8 21. c5 Qd5 22. Bxf6 Rxe1 23. Rxe1 Re8 24. Rxe8+ Bxe8 25. Qf2 Bd7 26. Qg3+ Kf8 27. Qg7+ Ke8 28. Qh8# 1-0


[Site "https://www.chess.com"]

[Event "Titled Tuesday Blitz April 4 Late 2023"]
[White "KorolDimitriy75"]
[Black "Srdanovic, Jovana"]
[BlackFideId "954810"]
[WhiteElo "2384"]
[BlackElo "2145"]
[Result "1-0"]
[Round "07"]
[TimeControl "180+2"]
[Date "2023.04.04"]
[WhiteClock "0:01:36"]
[BlackClock "0:01:50"]

1. d4 d5 2. c4 c6 3. Nc3 Nf6 4. e3 Bf5 5. Nf3 e6 6. Bd3 Bxd3 7. Qxd3 Bd6 8. O-O O-O 9. e4 dxe4 10. Nxe4 Nxe4 11. Qxe4 Nd7 12. Bg5 Be7 13. Bxe7 Qxe7 14. Rad1 Nf6 15. Qh4 Qb4 16. b3 a5 17. Rd3 a4 18. Ne5 axb3 19. axb3 Ra3 20. Rg3 Rxb3 21. Rxg7+ Kxg7 22. Qg5+ Kh8 23. Qxf6+ Kg8 24. Qg5+ Kh8 25. Qf6+ Kg8 26. Ng4 h5 27. Qg5+ Kh7 28. Nf6+ Kh8 29. Qh6# 1-0


[Site "https://www.chess.com"]

[Event "Titled Tuesday Blitz April 4 Late 2023"]
[White "Barria Santos, Jose Guilherme"]
[Black "Tyagi, Kushan"]
[WhiteFideId "1939300"]
[BlackFideId "2040069"]
[WhiteElo "2266"]
[BlackElo "2299"]
[Result "0-1"]
[Round "07"]
[TimeControl "180+2"]
[Date "2023.04.04"]
[WhiteClock "0:01:04"]
[BlackClock "0:00:55"]

1. e4 c5 2. Nf3 e6 3. d4 cxd4 4. Nxd4 a6 5. Nc3 Qc7 6. Bd3 Nf6 7. O-O Bc5 8. Nb3 Be7 9. Kh1 b5 10. f4 d6 11. f5 e5 12. Bg5 Nbd7 13. Qe2 Bb7 14. Rad1 b4 15. Nb1 d5 16. exd5 Bxd5 17. N1d2 O-O 18. Be3 a5 19. Bg1 a4 20. Nc1 Nc5 21. Ne4 Ncxe4 22. Rde1 Bd6 23. b3 axb3 24. Nxb3 Rxa2 25. Qf3 Nd2 0-1


[Site "https://www.chess.com"]

[Event "Titled Tuesday Blitz April 4 Late 2023"]
[White "Michalski, Olaf"]
[Black "Georg, Heinz"]
[WhiteFideId "1106740"]
[BlackFideId "4607295"]
[WhiteElo "2173"]
[BlackElo "2238"]
[Result "0-1"]
[Round "07"]
[TimeControl "180+2"]
[Date "2023.04.04"]
[WhiteClock "0:00:04"]
[BlackClock "0:01:13"]

1. d4 f5 2. g3 Nf6 3. Bg2 g6 4. c3 Bg7 5. Qb3 c6 6. Nd2 d5 7. Ndf3 O-O 8. Bf4 Nbd7 9. Ne5 e6 10. Nxd7 Qxd7 11. Nf3 Ne4 12. Ne5 Bxe5 13. Bxe5 b6 14. Bxe4 fxe4 15. O-O Ba6 16. Rae1 c5 17. Qa3 Qb5 18. f4 cxd4 19. Bxd4 Rf7 20. Qb3 Rc8 21. Qb4 Qxb4 22. cxb4 Rc2 23. Kf2 Rfc7 24. Ke3 Bc4 25. a3 Bb5 26. Rf2 h5 27. Rd1 Ba4 28. Rd2 Rc1 29. Bc3 Rc4 30. h3 R1xc3+ 31. bxc3 Rxc3+ 32. Kd4 Rxg3 33. Ke5 Kf7 34. f5 gxf5 35. Kd6 e3 0-1


[Site "https://www.chess.com"]

[Event "Titled Tuesday Blitz April 4 Late 2023"]
[White "Pirvulescu, Ekaterina"]
[Black "Vujcic, Milena"]
[WhiteFideId "13506374"]
[BlackFideId "954748"]
[WhiteElo "2006"]
[BlackElo "1882"]
[Result "0-1"]
[Round "07"]
[TimeControl "180+2"]
[Date "2023.04.04"]
[WhiteClock "0:00:09"]
[BlackClock "0:00:18"]

1. e4 e5 2. Nf3 Nc6 3. d4 exd4 4. Bc4 Bc5 5. c3 Nf6 6. e5 d5 7. Bb5 Ne4 8. cxd4 Bb6 9. Nc3 O-O 10. Be3 Nxc3 11. bxc3 f6 12. Bxc6 bxc6 13. O-O Bg4 14. Qa4 Bxf3 15. gxf3 fxe5 16. Qxc6 Rf6 17. Qb5 Rxf3 18. Kh1 Rb8 19. Qc6 Rf6 20. Qa4 e4 21. Bg5 c5 22. Bxf6 Qxf6 23. f4 exf3 24. Rf2 cxd4 25. cxd4 Bxd4 26. Raf1 Bxf2 27. Qc2 Bb6 28. Qd3 Rf8 29. Qxd5+ Kh8 30. Qh5 f2 31. Kg2 Qc6+ 32. Kh3 Qe6+ 33. Kg2 Qe4+ 34. Kh3 Rf3+ 35. Qxf3 Qxf3+ 36. Kh4 Bd8# 0-1


[Site "https://www.chess.com"]

[Event "Titled Tuesday Blitz April 4 Late 2023"]
[White "ritanovikova"]
[Black "Lock, Gavin R"]
[BlackFideId "408646"]
[WhiteElo "2215"]
[BlackElo "2104"]
[Result "0-1"]
[Round "07"]
[TimeControl "180+2"]
[Date "2023.04.04"]
[WhiteClock "0:00:11"]
[BlackClock "0:00:05"]

1. e4 c5 2. Nc3 a6 3. d3 b5 4. g3 Bb7 5. Bg2 e6 6. a3 Be7 7. Nge2 d6 8. O-O Nd7 9. d4 cxd4 10. Nxd4 Qc7 11. Be3 Ngf6 12. h3 O-O 13. Qe2 Ne5 14. Rab1 Rac8 15. Rfc1 Nc4 16. Bd2 Qb6 17. Nb3 Nxd2 18. Nxd2 Rfd8 19. Nf1 Nd7 20. Qg4 Bf6 21. Ne2 Ne5 22. Qh5 g6 23. Qh6 Nc4 24. c3 Bg7 25. Qf4 a5 26. h4 h5 27. Rd1 b4 28. axb4 axb4 29. Qg5 Rc5 30. Qc1 Ne5 31. Qe3 Rdc8 32. Kh1 Ng4 33. Qf4 e5 34. Qf3 Rc4 35. Nd2 Nxf2+ 36. Kh2 Ng4+ 37. Kh1 R4c7 38. Rf1 bxc3 39. Nxc3 Qc5 40. Nb3 Qb4 41. Nd2 Bh6 42. Rfd1 Ba8 43. Bh3 Qc5 44. Bxg4 hxg4 45. Qxg4 Qf2 46. h5 Bxd2 47. hxg6 Bxc3 48. gxf7+ Kf8 49. Qg8+ Ke7 50. f8=Q+ Rxf8 51. Qg5+ Rf6 52. Qg7+ Rf7 53. Qg5+ Qf6 54. Qxf6+ Kxf6 55. bxc3 Bxe4+ 56. Kg1 Rh7 57. Rbc1 Rh1+ 58. Kf2 Rxd1 59. Rxd1 d5 60. Ke3 Rxc3+ 61. Kf2 Rf3+ 62. Ke2 Rxg3 63. Rf1+ Ke6 64. Rf8 d4 65. Re8+ Kd5 66. Rd8+ Kc5 67. Rc8+ Bc6 68. Kf2 Rf3+ 69. Ke2 Ra3 70. Rb8 e4 71. Kd2 Ra2+ 72. Kc1 Rh2 73. Rc8 e3 74. Kd1 d3 75. Kc1 Rc2+ 76. Kb1 Rg2 77. Ka1 e2 78. Kb2 e1=Q+ 79. Ka3 Qb4# 0-1


[Site "https://www.chess.com"]

[Event "Titled Tuesday Blitz April 4 Late 2023"]
[White "tandercat"]
[Black "Briscoe, Chris"]
[BlackFideId "408360"]
[WhiteElo "1932"]
[BlackElo "2111"]
[Result "1-0"]
[Round "07"]
[TimeControl "180+2"]
[Date "2023.04.04"]
[WhiteClock "0:00:16"]
[BlackClock "0:00:59"]

1. d4 a5 2. c4 Ra6 3. Nc3 Rc6 4. e4 e5 5. d5 Rg6 6. Nf3 Bc5 7. Nxe5 Qf6 8. Nd3 d6 9. Nxc5 dxc5 10. Be3 Nd7 11. Qd2 Ne7 12. Nb5 O-O 13. Nxc7 b6 14. Nb5 Ne5 15. O-O-O Bd7 16. Nc3 a4 17. a3 Nc8 18. h3 Nd6 19. f4 Nexc4 20. Bxc4 Nxc4 21. Qe2 Nxe3 22. Qxe3 Rxg2 23. Rhg1 Rxg1 24. Rxg1 b5 25. e5 Qh6 26. Ne4 Kh8 27. Ng5 b4 28. axb4 cxb4 29. Qc5 Rc8 30. Qxc8+ Bxc8 31. Nxf7+ Kg8 32. Nxh6+ Kf8 33. Ng4 1-0


[Site "https://www.chess.com"]

[Event "Titled Tuesday Blitz April 4 Late 2023"]
[White "Matute Escobar, Roxanny"]
[Black "Winkels, Marcel"]
[WhiteFideId "3926028"]
[BlackFideId "1003887"]
[WhiteElo "1844"]
[BlackElo "1900"]
[Result "1-0"]
[Round "07"]
[TimeControl "180+2"]
[Date "2023.04.04"]
[WhiteClock "0:01:15"]
[BlackClock "0:01:23"]

1. e4 c5 2. Nf3 e6 3. d4 cxd4 4. Nxd4 Nc6 5. Nc3 Qc7 6. a3 a6 7. Be3 Nf6 8. Be2 b5 9. O-O Bb7 10. f4 Nxd4 11. Qxd4 Rc8 12. Bf3 Bc5 13. Qd2 Bxe3+ 14. Qxe3 Qc5 15. Qxc5 Rxc5 16. Rad1 Ke7 17. Rd2 d5 18. exd5 Nxd5 19. Nxd5+ Bxd5 20. b4 Rc3 21. Bxd5 exd5 22. Rxd5 Ke6 23. Rfd1 Rhc8 24. Re5+ 1-0


[Site "https://www.chess.com"]

[Event "Titled Tuesday Blitz April 4 Late 2023"]
[White "Maghsoodloo, Parham"]
[Black "Erigaisi Arjun"]
[WhiteFideId "12539929"]
[BlackFideId "35009192"]
[WhiteElo "2647"]
[BlackElo "2737"]
[Result "1-0"]
[Round "08"]
[TimeControl "180+2"]
[Date "2023.04.04"]
[WhiteClock "0:01:26"]
[BlackClock "0:00:35"]

1. d4 d6 2. e4 g6 3. Nc3 Bg7 4. Nf3 a6 5. a4 Nf6 6. Be2 O-O 7. O-O Nc6 8. h3 e5 9. d5 Ne7 10. Ne1 Ne8 11. f4 exf4 12. Bxf4 h6 13. Nf3 g5 14. Bh2 Ng6 15. Nd4 Be5 16. Bxe5 Nxe5 17. Qd2 Ng7 18. Rf2 Qe7 19. Raf1 f6 20. Nd1 h5 21. Ne3 Bd7 22. a5 Kh7 23. Nef5 Bxf5 24. exf5 h4 25. Ne6 Rf7 26. c4 c5 27. Nxg5+ fxg5 28. f6 Qc7 29. Qxg5 Rh8 30. Rf4 Ng6 31. Bd3 1-0


[Site "https://www.chess.com"]

[Event "Titled Tuesday Blitz April 4 Late 2023"]
[White "Andreikin, Dmitry"]
[Black "Sargsyan, Shant"]
[WhiteFideId "4158814"]
[BlackFideId "13306766"]
[WhiteElo "2736"]
[BlackElo "2628"]
[Result "1/2-1/2"]
[Round "08"]
[TimeControl "180+2"]
[Date "2023.04.04"]
[WhiteClock "0:00:19"]
[BlackClock "0:00:04"]

1. d4 g6 2. e4 Bg7 3. Nf3 c6 4. Bd3 d6 5. O-O Bg4 6. c3 Nf6 7. Nbd2 Nbd7 8. h3 Bxf3 9. Nxf3 O-O 10. Qb3 Qb6 11. Bg5 h6 12. Be3 Qxb3 13. axb3 a6 14. b4 Rfd8 15. Rfd1 Ne8 16. Nd2 Nc7 17. Nc4 d5 18. Na5 dxe4 19. Bxe4 Nf6 20. Bf3 Rab8 21. Bf4 Nfe8 22. Bxc6 bxc6 23. Nxc6 e6 24. Ra5 Bf8 25. Rda1 Ra8 26. Nxd8 Rxd8 27. Kf1 g5 28. Bxc7 Nxc7 29. Ke2 f6 30. Rxa6 Nxa6 31. Rxa6 Kf7 32. b5 e5 33. dxe5 fxe5 34. Rc6 Bd6 35. Ke3 Ke6 36. c4 Kd7 37. c5 Be7 38. Kd3 Rf8 39. f3 Rf4 40. Kc3 e4 41. fxe4 Rxe4 42. b4 Re3+ 43. Kc4 Re4+ 44. Kd5 Rxb4 45. b6 Rd4+ 46. Kxd4 Kxc6 47. Ke5 Bxc5 48. Kf5 Bxb6 49. Kg6 Kd5 50. Kxh6 Bd8 51. Kh5 Ke4 52. Kg4 Ke3 53. h4 gxh4 54. g3 hxg3 55. Kxg3 1/2-1/2


[Site "https://www.chess.com"]

[Event "Titled Tuesday Blitz April 4 Late 2023"]
[White "Fedoseev, Vladimir"]
[Black "Kravtsiv, Martyn"]
[WhiteFideId "24130737"]
[BlackFideId "14113147"]
[WhiteElo "2752"]
[BlackElo "2695"]
[Result "1-0"]
[Round "08"]
[TimeControl "180+2"]
[Date "2023.04.04"]
[WhiteClock "0:00:29"]
[BlackClock "0:00:03"]

1. b3 e5 2. Bb2 Nc6 3. c4 Nf6 4. e3 d5 5. cxd5 Nxd5 6. Nf3 Bd6 7. Bc4 Be6 8. O-O O-O 9. d3 f6 10. Nc3 Nce7 11. d4 exd4 12. Nxd4 Bf7 13. Nxd5 Nxd5 14. Nf5 Ne7 15. Nxd6 Qxd6 16. Qxd6 cxd6 17. Bxf7+ Kxf7 18. Rfd1 Ke6 19. Rd2 Rfd8 20. Rad1 Rac8 21. g4 Nc6 22. Kg2 d5 23. h4 g6 24. g5 f5 25. h5 Ne5 26. hxg6 hxg6 27. Kg3 Nf7 28. Bf6 Rd6 29. Kf4 a5 30. Rh1 a4 31. Rh7 axb3 32. axb3 Rg8 33. Rc2 Rc6 34. Rxc6+ bxc6 35. Bd4 Ke7 36. b4 Ke6 37. Bc5 Rh8 38. Rg7 Rh4+ 39. Kf3 Nxg5+ 40. Ke2 Kf6 41. Rc7 Rc4 42. Be7+ Ke6 43. Bxg5 Kd6 44. Rb7 1-0


[Site "https://www.chess.com"]